 Dungeon Crawl Stone Soup version 0.26.1-2-gb8aa6d0cf2 (webtiles) character file.

Game seed: 1309003925322711643

222206 Lyanoward the Executioner (level 18, 0/118 HPs)
             Began as a Hill Orc Monk on Feb 1, 2021.
             Was a High Priest of Beogh.
             Killed from afar by a death drake (3 damage)
             ... with a foul vapour
             ... on level 4 of the Abyss on Feb 16, 2021.
             The game lasted 05:46:53 (48186 turns).

Lyanoward the Executioner (Hill Orc Monk)          Turns: 48186, Time: 05:46:54

Health: 0/118      AC: 29    Str: 20      XL:     18   Next: 74%
Magic:  0/24       EV:  8    Int:  7 (8)  God:    Beogh [*****.]
Gold:   3109       SH: 15    Dex: 19      Spells: 17/17 levels left

rFire    + . .     SeeInvis +   C - +1 broad axe (flame)
rCold    . . .     Faith    .   y - +1 kite shield {AC+3}
rNeg     . . .     Spirit   +   f - +1 plate armour {rPois}
rPois    +         Reflect  .   W - +1 helmet {SInv}
rElec    .         Harm     .   z - scarf {repulsion}
rCorr    .         Rampage  .   B - +1 pair of gloves
Will     ++...     Rnd*Tele +   T - +1 pair of boots
Stlth    ..........             S - amulet of guardian spirit
HPRegen  0.29/turn              c - ring of willpower
MPRegen  0.19/turn              K - ring of Nemelex Xobeh's Regard {rF+ Dex+6 SInv}

@: lethally poisoned (0 -> -7), berserk cooldown, slowed, repel missiles, very
slow
A: walk on water, [blurry vision 2], [dopey 1], [frail 3], [low mp 2],
[screaming 2], [teleportitis 1], [weak 1], wild magic 2, [subdued magic 2]
}: 2/15 runes: decaying, gossamer
a: Renounce Religion, Smiting, Recall Orcish Followers, Give Item to Named
Follower


You were on level 4 of the Abyss.
You worshipped Beogh.
Beogh was extremely pleased with you.
You visited 6 branches of the dungeon, and saw 32 of its levels.
You visited the Abyss 1 time.
You also visited: Sewer.

You collected 3109 gold pieces.

Inventory:

Hand Weapons
 n - a +1 war axe
 q - a +2 trident of holy wrath
 C - a +1 broad axe of flaming (weapon)
 P - a +4 war axe of freezing
Armour
 f - a +1 plate armour of poison resistance (worn)
 y - a +1 kite shield of protection (worn)
 z - a scarf of repulsion (worn)
 B - a +1 pair of gloves (worn)
 J - a scarf of resistance
 T - a +1 pair of boots (worn)
 W - a +1 helmet of see invisible (worn)
Jewellery
 c - a ring of willpower (left hand)
 d - an uncursed ring of positive energy
 e - an uncursed ring of resist corrosion
 h - an uncursed amulet of regeneration
 i - an uncursed amulet of reflection
 r - an uncursed ring of protection from fire
 E - an uncursed ring of ice
 F - an uncursed ring of protection from cold
 K - the ring of Nemelex Xobeh's Regard (right hand) {rF+ Dex+6 SInv}
   (You found it on level 8 of the Dungeon)

   [ring of protection from fire]

   It affects your dexterity (+6).
   It protects you from fire.
   It lets you see invisible.
 S - an amulet of guardian spirit (around neck)
 U - the ring "Ympac" {+Blink rCorr Str+2}
   (You found it on level 10 of the Dungeon)

   [ring of resist corrosion]

   It affects your strength (+2).
   It lets you blink.
   It provides partial protection from all sources of acid and corrosion.
 V - an uncursed ring of flight
Wands
 g - a wand of paralysis (15)
 A - a wand of disintegration (12)
 G - a wand of polymorph (16)
 I - a wand of digging (10)
 M - a wand of flame (51)
 R - a wand of enslavement (5)
Scrolls
 b - 2 scrolls of holy word
 j - a scroll of identify
 l - 10 scrolls of remove curse
 o - 7 scrolls of magic mapping
 p - 7 scrolls of fear
 s - a scroll of enchant weapon
 u - 14 scrolls of teleportation
 v - a scroll of fog
 H - 4 scrolls of blinking
 L - 2 scrolls of summoning
 N - a scroll of immolation
 Z - 3 scrolls of enchant armour
Potions
 a - a potion of resistance
 k - 7 potions of magic
 m - a potion of berserk rage
 t - 8 potions of curing
 x - 4 potions of haste
 D - 3 potions of cancellation
Miscellaneous
 w - a condenser vane
 X - a phial of floods
 Y - a phantom mirror (quivered)


   Skills:
 + Level 17.1 Fighting
 + Level 21.4 Axes
 - Level 0.1 Slings
 + Level 16.6 Armour
 - Level 2.4 Dodging
 - Level 1.5 Stealth
 + Level 14.0 Shields
 + Level 16.1 Invocations
 + Level 0.6 Evocations


You had 17 spell levels left.
You didn't know any spells.
Your spell library contained the following spells:

 Spells                   Type           Power        Failure   Level
 Animate Skeleton         Necr           0%           99%         1
 Apportation              Tloc           0%           99%         1
 Beastly Appendage        Tmut           0%           99%         1
 Corona                   Hex            0%           99%         1
 Freeze                   Ice            0%           99%         1
 Summon Small Mammal      Summ           0%           99%         1
 Ensorcelled Hibernation  Hex/Ice        0%           100%        2
 Wereblood                Tmut           0%           100%        2
 Confusing Touch          Hex            0%           100%        3
 Dazzling Flash           Conj/Hex       0%           100%        3
 Frozen Ramparts          Ice            0%           100%        3
 Gell's Gravitas          Tloc           0%           100%        3
 Ozocubu's Armour         Ice            0%           100%        3
 Spider Form              Tmut/Pois      0%           100%        3
 Tukima's Dance           Hex            0%           100%        3
 Hailstorm                Conj/Ice       0%           100%        4
 Ice Form                 Ice/Tmut       0%           100%        4
 Petrify                  Tmut/Erth      0%           100%        4
 Summon Ice Beast         Ice/Summ       0%           100%        4
 Blade Hands              Tmut           0%           100%        5
 Irradiate                Conj/Tmut      0%           100%        5
 Metabolic Englaciation   Hex/Ice        0%           100%        5
 Yara's Violent Unravell  Hex/Tmut       0%           100%        5
 Hydra Form               Tmut           0%           100%        6
 Statue Form              Tmut/Erth      0%           100%        6
 Dragon Form              Tmut           0%           100%        7


Dungeon Overview and Level Annotations

Branches:
Dungeon (15/15)            Temple (0/1) D:7            Lair (6/6) D:8
  Swamp (4/4) Lair:3       Spider (4/4) Lair:2        Slime (0/5) Lair:6
    Orc (2/2) D:12            Elf (1/3) Orc:2        Vaults (0/5) D:14
 Depths (0/5) D:15          Sewer (visited)

Altars:
Cheibriados
Dithmenos
Gozag
Nemelex Xobeh
Qazlal
Trog
Uskayaw
Wu Jian
Xom
Zin
The Shining One
Beogh
Jiyva

Shops:
D:7 (   D:12 *   D:13 =   D:14 (   D:15 *   Orc:2 :(!?

Portals:
Abyss: Orc:1
Pandemonium: Orc:2

Annotations:
D:5 Prince Ribbit
D:7 1 runed translucent door, Galthrax's ghost, novice PaFi
Lair:1 exclusion: oklob plant
Lair:4 2 runed translucent doors, Tunlugh's ghost, adept GrEE
Lair:5 exclusion: ice statue
Swamp:2 exclusion: Roxanne, Roxanne
Swamp:4 2 transporters, ggurman's ghost, adept PaFi
Orc:1 2 transporters, Vewah's ghost, journeyman SpBr


Innate Abilities, Weirdness & Mutations

You can walk on water.
Your spells are harder to cast, but more powerful.
[Scrolls take you longer to read.]
[You are dopey. (Int -2)]
[You are extremely frail. (-30% HP)]
[Your magical capacity is very low. (-20% MP)]
[You sometimes yell uncontrollably at your foes.]
[You are occasionally teleported next to monsters.]
[You are weak. (Str -2)]
[Your spells are easier to cast, but less powerful.]


Message History

You are lethally poisoned!
* * * LOW HITPOINT WARNING * * *
x2 You feel very sick.
A death drake comes into view.
Your orc priest is engulfed in dark miasma.
Your orc priest looks even sicker.
The death drake bites your orc priest!
Your orc priest is engulfed in dark miasma.
Your orc priest looks even sicker.
Your orc priest seems to slow down.
Your orc priest dies!
Things that are here:
a +2 hand axe of holy wrath; an orc corpse
* * * LOW HITPOINT WARNING * * *
You feel sick.
* * * LOW HITPOINT WARNING * * *
You feel sick. The death drake breathes miasma at you.
The foul vapour engulfs you.
You feel as though you will be slow longer.
You die...

. . .?. . .. ...#
... .....>.... .#
.. .. .... .. ...
...*.......# .. .
.........' . # #..
...... ...
.....°#######.....
... .
.......k☼○@.......
#...†...°.)#.......
..................
#.
..######.#########
#. .##.# .#. #. #
.. . .# .## #.#. #
# #. . #. # .#


You could see a death drake (catching breath).

Vanquished Creatures
  Frances (D:14)
  A tentacled starspawn (Abyss:4)
  4 ghost moths (Spider:4)
  3 emperor scorpions
  4 entropy weavers
  A lorocyproca (Abyss:4)
  A bunyip (Swamp:2)
  Harold (D:8)
  7 hydras
  2 vault guards (D:14)
  4 boulder beetles
  An ice dragon (Lair:5)
  4 alligators
  2 death knights
  A catoblepas (Lair:6)
  6 ghost crabs (Swamp:1)
  2 centaur warriors
  An ogre mage (D:15)
  9 two-headed ogres
  3 death yaks
  A soul eater (Orc:2)
  2 spriggans (Swamp:2)
  A fire crab (Lair:4)
  4 wretched stars (Abyss:4)
  4 goliath frogs
  A shadow demon (Abyss:4)
  3 swamp dragons
  2 unseen horrors
  2 wizards
  6 spriggan druids
  3 bog bodies
  8 deep elf magi
  4 wolf spiders
  4 orb spiders
  2 orc sorcerers
  5 cyclopes
  3 will-o-the-wisps
  A worldbinder (Abyss:4)
  2 ugly things (D:12)
  2 manticores
  2 moths of wrath
  5 elephants
  Psyche (D:11)
  4 apocalypse crabs (Swamp:1)
  A torpor snail (Spider:2)
  5 cane toads
  A rime drake (Lair:4)
  An anaconda simulacrum (Abyss:4)
  An efreet (D:10)
  3 komodo dragons
  4 demonic crawlers
  An ancient zyme (Abyss:4)
  4 trolls
  7 jumping spiders
  A tyrant leech (Swamp:3)
  2 blink frogs
  6 hornets
  A hornet (shapeshifter) (D:15)
  3 slime creatures (D:12)
  A dream sheep (Lair:6)
  3 raiju (Abyss:4)
  An air elemental (Elf:1)
  15 tarantellas
  Sigmund (D:6)
  A centaur simulacrum (D:15)
  45 redbacks
  4 wraiths
  2 vampires (D:15)
  6 wyverns
  3 humans (D:14)
  A chaos spawn (Abyss:4)
  18 yaks
  7 swamp worms
  2 wargs
  A neqoxec (Abyss:4)
  3 vampire mosquitoes
  6 soldier ants (Spider:4)
  An acid dragon (D:14)
  A small abomination (Abyss:4)
  6 water moccasins
  Duvessa (D:5)
  3 swamp drakes (Swamp:4)
  7 orc warriors
  5 ice beasts
  5 sky beasts
  4 phantoms
  A black bear (D:11)
  A necrophage (D:3)
  5 wolves
  6 ogres
  A boggart (D:14)
  9 centaurs
  Blork the orc (D:6)
  16 bullfrogs
  Dowan (D:5)
  2 scorpions
  14 killer bees
  9 wights
  A vampire bat (D:12)
  3 electric eels
  3 howler monkeys (D:13)
  6 starcursed masses (Abyss:4)
  A quasit (D:11)
  4 hounds
  A bullfrog skeleton (D:10)
  2 bullfrog zombies
  8 jellies
  6 orc priests
  11 orc wizards
  4 centaur zombies
  2 centaur skeletons
  18 worker ants
  2 hound zombies
  A hound skeleton (D:5)
  3 worker ant zombies
  4 gnolls (D:8)
  17 adders
  2 river rats (Sewer)
  A shadow imp (D:10)
  3 white imps
  3 ufetubi
  An ooze (D:1)
  2 adder skeletons
  3 worms
  4 dart slugs
  5 leopard geckos
  30 orcs
  10 ball pythons (Sewer)
  2 giant cockroaches
  11 goblins
  5 hobgoblins
  3 jackals
  3 quokkas
  8 bats
  9 frilled lizards
  A giant cockroach zombie (D:5)
  16 kobolds
  29 rats
  11 briar patches
  3 bushes (D:14)
  3 starspawn tentacles (Abyss:4)
655 creatures vanquished.

Vanquished Creatures (collateral kills)
  Bai Suzhen (Spider:3)
  2 thorn hunters
  Gastronok (D:10)
  2 orc warlords
  Aizul (Spider:4)
  3 emperor scorpions
  4 bunyips
  7 entropy weavers
  2 spark wasps
  6 eleionomae
  2 shambling mangroves (Swamp:4)
  Fannar (Lair:1)
  3 vault guards (D:14)
  The ghost of StoneSoupSpirit the Fighter, a journeyman DsCK of Xom (D:12)
  Erolcha (Orc:1)
  8 orc high priests
  3 boulder beetles
  2 catoblepae (Lair:6)
  15 hydras
  5 two-headed ogres
  A centaur warrior (D:15)
  A queen ant (Spider:4)
  2 ghost crabs
  Erica (Lair:1)
  10 alligators
  13 death yaks
  A death knight (D:12)
  A spriggan berserker (Swamp:4)
  A hell hog (Orc:1)
  A soul eater (Orc:2)
  5 skeletal warriors (D:12)
  An infernal demonspawn (Orc:2)
  6 goliath frogs
  8 swamp dragons
  A wizard (D:15)
  10 bog bodies
  A spriggan druid (Swamp:4)
  A gelid demonspawn (Orc:2)
  6 orc knights
  A harpy (shapeshifter) (D:14)
  2 ugly things
  17 wolf spiders
  2 deep elf magi
  3 will-o-the-wisps
  15 orb spiders
  4 cyclopes
  17 elephants
  A slime creature (D:12)
  3 moths of wrath
  3 manticores
  A rust devil (Orc:2)
  A naga mage (D:15)
  A gargoyle (D:12)
  3 black mambas
  4 cane toads
  An efreet (D:15)
  A rime drake (Lair:4)
  8 komodo dragons
  6 demonic crawlers
  A hellwing (Orc:2)
  A red devil (Orc:2)
  4 tyrant leeches
  2 trolls
  3 polar bears (Lair:5)
  5 hornets (Spider:4)
  26 jumping spiders
  14 blink frogs
  5 dream sheep (Lair:6)
  22 tarantellas
  A ynoxinul (Orc:1)
  49 redbacks
  7 wraiths
  3 wyverns
  3 humans (D:14)
  6 vampire mosquitoes
  26 yaks
  A steam dragon (Lair:1)
  A basilisk (Lair:4)
  A neqoxec (Orc:2)
  6 swamp worms
  5 wargs
  6 soldier ants (Spider:4)
  7 water moccasins
  6 swamp drakes
  3 phantoms
  5 ice beasts
  20 wolves
  4 ogres
  14 orc warriors
  4 boggarts (D:14)
  A centaur (D:12)
  2 big kobolds
  10 bullfrogs
  2 wyvern zombies
  3 scorpions
  A wyvern skeleton (D:15)
  6 killer bees
  10 wights
  4 electric eels
  2 quasits
  A centaur zombie (D:10)
  3 centaur skeletons
  A hound (D:8)
  14 orc priests
  6 orc wizards
  10 worker ants
  An adder (D:10)
  3 white imps
  25 orcs
  A goblin (D:8)
  3 kobolds
  4 bats (D:12)
  A briar patch (Swamp:1)
  14 bushes
  2 butterflies (Lair:6)
626 creatures vanquished.

Vanquished Creatures (others)
  An orc warlord (Spider:4)
  A vault guard (D:14)
  2 orc high priests
  9 orc knights
  5 orc sorcerers
  2 spriggan druids (Swamp:1)
  25 orc warriors
  A deep elf mage (D:10)
  3 bloated husks
  A swamp worm (Swamp:1)
  A bullfrog zombie (D:10)
  28 orc priests
  11 orc wizards
  77 orcs
  A briar patch (Swamp:4)
  A bush (Lair:4)
  18 foxfires
  48 fungi
  77 plants
  5 withered plants (D:12)
317 creatures vanquished.

Grand Total: 1598 creatures vanquished

Notes
Turn   | Place    | Note
-------+----------+-------------------------------------------
     0 | D:1      | Lyanoward the Hill Orc Monk began the quest for the Orb.
     0 | D:1      | Reached XP level 1. HP: 19/19 MP: 1/1
   155 | D:1      | Reached XP level 2. HP: 20/27 MP: 2/2
   454 | D:1      | Reached skill level 1 in Armour
   571 | D:1      | Reached XP level 3. HP: 29/33 MP: 3/3
  1139 | D:2      | Reached skill level 5 in Axes
  1207 | D:2      | Reached XP level 4. HP: 41/41 MP: 4/4
  1351 | D:2      | Gained mutation: Your spells are a little harder to cast,
                  | but a little more powerful. [potion of mutation]
  1351 | D:2      | Gained mutation: Your spells are harder to cast, but more
                  | powerful. [potion of mutation]
  1790 | D:3      | Noticed a necrophage
  1809 | D:3      | Killed a necrophage
  1810 | D:3      | Reached XP level 5. HP: 37/47 MP: 5/5
  2008 | D:3      | Reached skill level 6 in Axes
  2374 | D:4      | Reached XP level 6. HP: 55/55 MP: 6/6
  2472 | D:4      | Reached skill level 5 in Fighting
  2862 | D:5      | Entered Level 5 of the Dungeon
  2875 | D:5      | Reached skill level 7 in Axes
  3046 | D:5      | Found a glowing drain.
  3050 | Sewer    | Entered a sewer
  3182 | Sewer    | Reached XP level 7. HP: 60/61 MP: 7/7
  3537 | Sewer    | Reached skill level 8 in Axes
  3698 | D:5      | Became a worshipper of Beogh the Brigand
  3698 | D:5      | Reached * piety under Beogh
  3698 | D:5      | Reached ** piety under Beogh
  3778 | D:5      | Found a snail-covered altar of Cheibriados.
  4011 | D:5      | Reached skill level 9 in Axes
  4011 | D:5      | Reached XP level 8. HP: 70/70 MP: 8/8
  4015 | D:5      | Noticed Dowan
  4030 | D:5      | Noticed Duvessa
  4037 | D:5      | Killed Duvessa
  4038 | D:5      | Reached skill level 5 in Armour
  4054 | D:5      | Killed Dowan
  4241 | D:5      | Found a glowing golden altar of the Shining One.
  4396 | D:5      | Noticed Prince Ribbit
  4634 | D:5      | Reached skill level 10 in Axes
  5118 | D:6      | Found a stormy altar of Qazlal.
  5376 | D:6      | Noticed a two-headed ogre
  5388 | D:6      | Killed a two-headed ogre
  5389 | D:6      | Reached skill level 11 in Axes
  5389 | D:6      | Reached XP level 9. HP: 43/79 MP: 9/9
  5641 | D:6      | Reached *** piety under Beogh
  5642 | D:6      | Reached skill level 12 in Axes
  5725 | D:6      | Noticed Sigmund
  5732 | D:6      | Killed Sigmund
  6045 | D:6      | Noticed Blork the orc
  6053 | D:6      | Killed Blork the orc
  6288 | D:7      | Reached skill level 1 in Invocations
  6300 | D:7      | Gained Borgk as an ally
  6308 | D:7      | Reached skill level 13 in Axes
  6570 | D:7      | Found a staircase to the Ecumenical Temple.
  6599 | D:7      | Noticed Galthrax's ghost (novice PaFi)
  6856 | D:7      | Got a twisted leather armour
  6879 | D:7      | Found Fabelas's Hydra Hut.
  7092 | D:7      | Reached XP level 10. HP: 85/88 MP: 11/11
  7115 | D:7      | Noticed an eight-headed hydra
  7573 | D:7      | Found a glowing golden altar of the Shining One.
  7574 | D:7      | Found a sparkling altar of Nemelex Xobeh.
  7651 | D:7      | Found a runed translucent door.
  7801 | D:7      | Found a glowing silver altar of Zin.
  7801 | D:7      | Found a faded altar of an unknown god.
  7849 | D:7      | Found a shimmering altar of Xom.
  7851 | D:7      | Found a faded altar of an unknown god.
  7852 | D:7      | Found a shadowy altar of Dithmenos.
  7943 | D:8      | Found a staircase to the Lair.
  8039 | D:8      | Got a translucent jade ring
  8048 | D:8      | Found a shadowy altar of Dithmenos.
  8081 | D:8      | Noticed Harold
  8102 | D:8      | Killed Harold
  8103 | D:8      | Reached skill level 14 in Axes
  8243 | D:8      | Found a flagged portal.
  8300 | D:8      | Reached **** piety under Beogh
  8875 | D:8      | Noticed a cyclops
  8888 | D:8      | Killed a cyclops
  8889 | D:8      | Reached skill level 5 in Invocations
  9733 | D:9      | Identified the ring of Nemelex Xobeh's Regard {rF+ Dex+6
                  | SInv} (You found it on level 8 of the Dungeon)
  9743 | D:9      | Found a hide-covered altar of Uskayaw.
  9744 | D:9      | Noticed a +0 hand axe
  9744 | D:9      | Noticed a +0 dagger
  9934 | D:9      | Noticed a boulder beetle
  9957 | D:9      | Killed a boulder beetle
 10268 | D:9      | Found an ornate altar of the Wu Jian Council.
 10346 | D:10     | Entered Level 10 of the Dungeon
 10361 | D:10     | Reached XP level 11. HP: 97/97 MP: 15/15
 10738 | D:10     | Reached skill level 1 in Shields
 10904 | D:10     | Noticed a deep elf mage
 10905 | D:10     | Killed a deep elf mage
 10919 | D:10     | Noticed a two-headed ogre
 10924 | D:10     | Killed a two-headed ogre
 10925 | D:10     | Reached skill level 15 in Axes
 10927 | D:10     | Noticed an orc knight
 11401 | D:10     | Got a sparkling bronze ring
 11616 | D:10     | Noticed Gastronok
 11643 | D:11     | Noticed a two-headed ogre
 11665 | D:11     | Killed a two-headed ogre
 11845 | D:11     | Noticed Psyche
 11855 | D:11     | Killed Psyche
 12155 | D:11     | Noticed a death knight
 12173 | D:11     | Killed a death knight
 12174 | D:11     | Reached skill level 10 in Fighting
 12399 | D:11     | Reached skill level 10 in Armour
 12582 | D:11     | Noticed a brown ugly thing
 12595 | D:11     | Killed a brown ugly thing
 12662 | D:11     | Noticed a four-headed hydra
 12666 | D:11     | Killed a four-headed hydra
 12772 | D:11     | Noticed a cyclops
 12782 | D:11     | Killed a cyclops
 13083 | D:11     | Noticed an unseen horror
 13093 | D:11     | Killed an unseen horror
 13414 | D:11     | Found a shimmering altar of Xom.
 13731 | D:11     | Reached XP level 12. HP: 99/107 MP: 15/18
 13761 | D:11     | Identified the ring "Ympac" {+Blink rCorr Str+2} (You found
                  | it on level 10 of the Dungeon)
 14087 | D:11     | Identified the +3 leather armour of Failure {*Corrode *Slow
                  | +Fly Slay+6} (You found it on level 7 of the Dungeon)
 14234 | D:10     | Killed Gastronok
 15154 | Lair:1   | Entered Level 1 of the Lair of Beasts
 15190 | Lair:1   | Noticed a six-headed hydra
 15213 | D:8      | Killed a six-headed hydra
 15580 | Lair:1   | Reached skill level 16 in Axes
 15880 | Lair:1   | Noticed Fannar
 15895 | Lair:1   | Killed Fannar
 16238 | Lair:1   | Gained Okrist as an ally
 16860 | Lair:1   | Noticed Erica
 16871 | Lair:1   | Killed Erica
 17051 | Lair:2   | Noticed a four-headed hydra
 17055 | Lair:2   | Killed a four-headed hydra
 17642 | Lair:2   | Reached skill level 10 in Invocations
 17671 | Lair:2   | Reached skill level 5 in Shields
 17806 | Lair:2   | Reached XP level 13. HP: 97/116 MP: 15/20
 18192 | Lair:2   | Found a hole to the Spider Nest.
 18954 | Lair:3   | Found a staircase to the Swamp.
 19357 | Lair:4   | Found a large runed translucent door.
 19358 | Lair:4   | Found a large runed translucent door.
 19360 | Lair:4   | Noticed Tunlugh's ghost (adept GrEE)
 19735 | Lair:4   | Found a dark tunnel.
 19823 | Lair:4   | Your ally Borgk died
 20614 | Lair:4   | Found the +8 autumn katana {vorpal, Clar}
 21662 | Lair:5   | Noticed an ice dragon
 21674 | Lair:5   | Killed an ice dragon
 22406 | Lair:5   | Reached skill level 17 in Axes
 22572 | Lair:6   | Entered Level 6 of the Lair of Beasts
 22827 | Lair:6   | Found a staircase to the Slime Pits.
 22827 | Lair:6   | Found a viscous altar of Jiyva.
 22934 | Lair:6   | Gained Garbold as an ally
 23062 | Lair:6   | Reached ***** piety under Beogh
 23401 | Lair:6   | Reached XP level 14. HP: 106/127 MP: 17/22
 23680 | Lair:6   | HP: 4/127 [death yak (13)]
 25853 | D:12     | Found a runed translucent gate.
 25853 | D:12     | Found a runed translucent gate.
 25853 | D:12     | Found an opulent altar of Gozag.
 25853 | D:12     | Found Luomanod's Assorted Antiques.
 25866 | D:12     | Found a runed translucent gate.
 25866 | D:12     | Noticed StoneSoupSpirit's ghost (journeyman DsCK)
 26113 | D:12     | Gained Norbak as an ally
 26534 | D:12     | Found a staircase to the Orcish Mines.
 26538 | D:12     | Gained Boghold as an ally
 27074 | D:12     | Found a roughly hewn altar of Beogh.
 27353 | D:12     | Reached ****** piety under Beogh
 27776 | D:12     | Reached skill level 18 in Axes
 28671 | D:12     | Killed StoneSoupSpirit's ghost
 28673 | D:12     | Reached XP level 15. HP: 117/136 MP: 19/24
 29932 | Orc:1    | Entered Level 1 of the Orcish Mines
 29946 | Orc:1    | Noticed Erolcha
 29952 | Orc:1    | Killed Erolcha
 30216 | Orc:1    | Found a one-way gate to the infinite horrors of the Abyss.
 30216 | Orc:1    | Identified the cursed +0 great mace "Ogreslayer" {distort,
                  | rElec Int+6 Dex+2}
 30234 | Orc:1    | Noticed Vewah's ghost (journeyman SpBr)
 30300 | Orc:1    | Found a transporter.
 30301 | Orc:1    | Found a transporter.
 30467 | Orc:2    | Entered Level 2 of the Orcish Mines
 30480 | Orc:2    | Gained Beowulf as an ally
 30596 | Orc:2    | Gained Okrist as an ally
 30597 | Orc:2    | Noticed an orc warlord
 30602 | Orc:2    | Your ally Okrist died
 30621 | Orc:2    | Killed an orc warlord
 30860 | Orc:2    | Found Mimaacy's Distillery.
 30862 | Orc:2    | Found Apeethap's Magic Scroll Shoppe.
 30872 | Orc:2    | Your ally Okrist died
 30875 | Orc:2    | Gained Wargath as an ally
 31015 | Orc:2    | Gained Morun as an ally
 31397 | Orc:2    | Found Bulas's Antique Weapon Shop.
 31397 | Orc:2    | Found a one-way gate leading to the halls of Pandemonium.
 31397 | Orc:2    | Found Melou's Book Boutique.
 31527 | Orc:2    | Found a staircase to the Elven Halls.
 32018 | D:13     | Gained Beowulf as an ally
 32392 | D:13     | Found Rurriar's Jewellery Boutique.
 32911 | D:13     | Gained Borgk as an ally
 33123 | D:14     | Noticed Frances
 33135 | D:14     | Killed Frances
 33227 | D:14     | Gained Rocco as an ally
 33440 | D:14     | Reached skill level 19 in Axes
 33894 | D:14     | Found Wiawos's Weapon Boutique.
 34140 | D:14     | Found a gate to the Vaults.
 34216 | D:15     | Entered Level 15 of the Dungeon
 35150 | D:15     | Found Ochodaxa's Elemental Accessories.
 35286 | D:15     | Reached XP level 16. HP: 99/147 MP: 17/26
 35288 | D:15     | Gained Oreg as an ally
 35616 | D:15     | Found a staircase to the Depths.
 36340 | Spider:1 | Entered Level 1 of the Spider Nest
 36471 | Spider:1 | Reached skill level 10 in Shields
 36491 | Spider:1 | Your ally Beowulf died
 38016 | Spider:2 | Gained Bladwarg as an ally
 38016 | Spider:2 | Your ally Bladwarg died
 38018 | Spider:2 | Gained Margrim as an ally
 38040 | Spider:2 | Reached skill level 20 in Axes
 38646 | Spider:3 | Reached skill level 15 in Invocations
 38789 | Spider:3 | Reached skill level 15 in Fighting
 38925 | Spider:3 | Reached skill level 15 in Armour
 38942 | Spider:3 | Noticed Bai Suzhen
 38949 | Spider:3 | Killed Bai Suzhen
 38957 | Spider:3 | Your ally Rocco died
 39631 | Spider:4 | Entered Level 4 of the Spider Nest
 39739 | Spider:4 | Your ally Rocco died
 39794 | Spider:4 | Your ally Oreg died
 39811 | Spider:4 | Reached XP level 17. HP: 92/156 MP: 12/28
 40548 | Spider:4 | Noticed Aizul
 40556 | Spider:4 | Killed Aizul
 40562 | Spider:4 | Gained Worak as an ally
 40588 | Spider:4 | Your ally Worak died
 41352 | Spider:4 | Your ally Garbold died
 41805 | Spider:4 | Paralysed by a hornet for 2 turns
 41930 | Spider:4 | Got a gossamer rune of Zot
 42154 | Swamp:1  | Entered Level 1 of the Swamp
 42244 | Swamp:1  | Your ally Borgk died
 42264 | Swamp:1  | You fall into a shaft and drop 1 floor!
 42265 | Swamp:2  | Noticed Roxanne
 42772 | Swamp:1  | Gained Ugbert as an ally
 42799 | Swamp:1  | Found a runed translucent door.
 42891 | Swamp:1  | Gained Brandogh as an ally
 42941 | Swamp:1  | Upgraded the game from 0.26.0-10-g1f06aea511 to
                  | 0.26.1-2-gb8aa6d0cf2
 43857 | Swamp:1  | Identified the ring "Hohiyga" {Fire Stlth+}
 43861 | Swamp:1  | Paralysed by you for 6 turns
 44502 | Swamp:2  | Reached skill level 21 in Axes
 44880 | Swamp:3  | Reached XP level 18. HP: 166/166 MP: 30/30
 44890 | Swamp:3  | Your ally Bladwarg died
 45426 | Swamp:4  | Entered Level 4 of the Swamp
 45466 | Swamp:4  | Your ally Morun died
 45479 | Swamp:4  | Your ally Margrim died
 45874 | Swamp:4  | Found a transporter.
 45879 | Swamp:4  | Found a bloodstained altar of Trog.
 45879 | Swamp:4  | Identified the cursed +0 demon whip of the Ring {antimagic,
                  | rN+++}
 45879 | Swamp:4  | Noticed ggurman's ghost (adept PaFi)
 45965 | Swamp:4  | Identified the +4 broad axe "Lerphoukh" {flame, rElec rF-
                  | Dex+4}
 46028 | Swamp:4  | Found a transporter.
 46256 | Swamp:4  | Your ally Brandogh died
 46275 | Swamp:4  | Your ally Norbak died
 46277 | Swamp:4  | Your ally Beowulf died
 46292 | Swamp:4  | Your ally Wargath died
 46378 | Swamp:4  | Your ally Okrist died
 46708 | Swamp:4  | Got a decaying rune of Zot
 47243 | Elf:1    | Entered Level 1 of the Elven Halls
 47939 | Elf:1    | Cast into level 4 of the Abyss (+1 halberd of distortion)
 48131 | Abyss:4  | Paralysed by accursed screaming for 1 turns
 48136 | Abyss:4  | Paralysed by accursed screaming for 2 turns
 48184 | Abyss:4  | HP: 5/118 [poisoned by something (dark miasma)]
 48186 | Abyss:4  | Killed from afar by a death drake

Illustrated notes

Levels and vault maps discovered:
D:1:      giann_forest_graveyard, layout_basic, minmay_misc_feat_nine_boxes,
          kennysheep_minor_cross
D:2:      layout_loops_ring
D:3:      layout_rooms
D:4:      layout_cave_pools
D:5:      layout_loops_ring, cheibrodos_worm_habitat, gup_sewer_entry_bowl,
          minmay_misc_feat_doors, nicolae_tso_swordbearing_angel, uniq_duvessa,
          uniq_prince_ribbit1
D:6:      layout_rooms, nicolae_qazlal_style_of_elements, uniq_blork_the_orc,
          uniq_sigmund
D:7:      layout_loops_ring, chequers_temple_overflow_minitemple,
          gammafunk_temple_overflow_statue, lemuel_temple_firewalk_b,
          hellmonk_ghost_happy_afterlife, doesnt_shop_hydraphobe
D:8:      wad_cavern_with_rooms, layout_layer_cave, lair_entry_dummy,
          lightli_bailey_entry_fortress, basic_altar, uniq_harold
D:9:      layout_big_octagon, marbit_many_paths, dancing_weapons_uskayaw,
          kennysheep_path_1
D:10:     minmay_the_grid_octo_2x2 [minmay_the_grid_octo_horde,
          minmay_the_grid_octo_checkered, minmay_the_grid_octo_empty,
          minmay_the_grid_octo_prize_star], layout_basic, st_stairs_6,
          uniq_gastronok
D:11:     layout_basic, basic_altar, uniq_psyche
D:12:     argonaut_augean_stables, layout_small_grid, erik_orc_1, special_room
          [special_room_orc], serial_undead, serial_undead_a, serial_undead_e,
          serial_undead_b, serial_undead_c, ebering_ghost_gozag, roderic_batcave
D:13:     layout_roguey, serial_shops, shop
D:14:     layout_long_grid, ximxim_vaults_locker_room, minmay_misc_feat_encased,
          serial_shops, nicolae_shop_trees, minmay_hedge_maze,
          amcnicky_mini_pool_medium, uniq_frances
D:15:     grunt_enter_depths_magical_seal, layout_irregular_city,
          minmay_misc_feat_hallway, nicolae_elemental_shop, minivault_16,
          minmay_mirror_moons_of_madness
Lair:1:   layout_small_grid, lemuel_old_faithful, grunt_megastairs_2,
          minmay_lair_oklob_chamber, uniq_erica, uniq_fannar
Lair:2:   layout_gridlike, nicolae_spider_entry_orb_guardian, grunt_megastairs_1
Lair:3:   layout_cave_pods, swamp_mist, lemuel_fruit_fields
Lair:4:   onia_ninara_swampy_vault, layout_cave_pods,
          ebering_ghost_disaster_area, enter_volcano_4
Lair:5:   layout_cave_pods, ice2_lemuel
Lair:6:   evilmike_catoblepas_cave, layout_long_grid, slime_altar_1,
          serial_forest, infiniplex_forest_lined_corner,
          infiniplex_forest_clump_diagonal, infiniplex_forest_end_1,
          infiniplex_forest_lined_room_, infiniplex_forest_lined_2,
          infiniplex_forest_clump_diagonal, infiniplex_forest_clump_diagonal,
          lemuel_fruit_fields
Swamp:1:  gammafunk_mikee_crab_dinner, layout_falls_marsh,
          evilmike_swamp_ruin_rubble_1, swamp_pool1, infiniplex_staircase_pool
Swamp:2:  layout_basic_swamp, evilmike_swamp_ruin_house_5, uniq_roxanne
Swamp:3:  layout_falls_marsh, serial_swamp_ruin, hangedman_swamp_ruin_wall,
          evilmike_swamp_ruin_house_2, evilmike_swamp_ruin_house_4
Swamp:4:  swamp_basic_johnstein, layout_basic_swamp,
          gammafunk_ghost_wrathful_warriors
Spider:1: layout_chambers, einodemon_crawler_minivault
Spider:2: layout_spider_delve, spiders_nest_spider_trap
Spider:3: layout_spider_delve, uniq_bai_suzhen
Spider:4: spider_rune_water, minmay_another_anthill, uniq_aizul
Orc:1:    layout_caves, gammafunk_ghost_abyssal_escape, uniq_erolcha
Orc:2:    pf_orc_diabolical, layout_caves, lemuel_statue_altar
Elf:1:    elf_arrival_001, layout_loops_corners, serial_shops,
          nicolae_shop_stone, hangedman_elf_disciples, minivault_26
Abyss:4:  base: D:15, nicolae_abyss_rune_star_stuff

Skill      XL: |  1  2  3  4  5  6  7  8  9 10 11 12 13 14 15 16 17 18 |
---------------+-------------------------------------------------------+-----
Fighting       | 4 5 6 7 8 9 10 11 12 13 14 15 16 17 | 17.1
Armour         | 1 3 4 6 7 9 10 11 12 13 14 15 16 | 16.6
Axes           | 5 6 7 9 11 13 14 15 16 17 18 19 20 21 | 21.4
Invocations    | 2 5 8 10 11 13 14 15 16 | 16.1
Shields        | 3 5 7 8 9 11 12 14 | 14.0
Slings         | |  0.1
Dodging        | |  2.4
Stealth        | |  1.5
Evocations     | |  0.6

Action                   |  1- 3 |  4- 6 |  7- 9 | 10-12 | 13-15 | 16-18 || total
-------------------------+-------+-------+-------+-------+-------+-------++-------
Melee: Hand axe          |   108 |    53 |       |    14 |       |       ||   175
       Battleaxe         |       |   115 |   284 |   132 |       |       ||   531
       War axe           |       |       |       |   476 |   349 |       ||   825
       Flail             |       |       |       |       |    16 |       ||    16
       Broad axe         |       |       |       |       |   473 |   955 ||  1428
 Fire: Hunting sling     |     1 |     9 |       |       |       |       ||    10
Invok: Convert to Beogh  |       |       |     1 |       |       |       ||     1
       Smiting           |       |       |       |    16 |     9 |     3 ||    28
       Recall Orcish Fol |       |       |       |     2 |     4 |    13 ||    19
       Give Item to Name |       |       |       |       |     3 |     1 ||     4
       Resurrection      |       |       |       |       |     1 |     3 ||     4
 Abil: Evoke Blink       |       |       |       |     1 |       |       ||     1
  Use: Potion            |     1 |     5 |     3 |     4 |    10 |     9 ||    32
       Scroll            |     1 |     5 |     4 |     6 |    23 |     8 ||    47
 Stab: Invisible         |       |     1 |       |       |     1 |       ||     2
       Distracted        |       |       |       |     7 |    10 |    11 ||    28
       Confused          |       |       |       |     2 |       |       ||     2
       Petrified         |       |       |       |       |    12 |       ||    12
       Petrifying        |       |       |       |       |     2 |       ||     2
       Held in net/web   |       |       |       |       |       |     4 ||     4
       Paralysed         |       |       |       |       |       |     3 ||     3
Armor: Chain mail        |    53 |   107 |   202 |    69 |       |       ||   431
       Plate armour      |       |       |       |   245 |   382 |   617 ||  1244
Dodge: Dodged            |    27 |    74 |   121 |   119 |   199 |   284 ||   824
       Repelled          |       |       |       |     1 |     3 |    14 ||    18
Block: Kite shield       |       |       |       |   175 |   423 |   652 ||  1250
